AoeStats
← Zathao1993

African Clearing

511075817Analyzed
3v3 RM · 6h ago on Oct 3, 2026· 47m 19s· 6 players
Game mode
Random Map
Map size
Normal (6 player)
Population
200
Speed
Normal
Resources
Standard
Victory
Conquest
Starting age
Dark Age
Ending age
Imperial Age
RankedLock teamsTeams togetherTeam positionsShared explorationLock speedFull tech treeHidden civsTurbo modeCheats
Victory
Defeat
🇺🇸 Bulgarians · United States
1264
+17
🇺🇸 Burmese · United States
1247
+18
🇺🇸 Portuguese · United States
1234
+18
🇧🇷 Celts · Brazil
1336
-20
🇧🇷 Burmese · Brazil
1291
-18
🇧🇷 Khitans · Brazil
1224
-15
SweetestFoil
9:08 Loom
12:35 Feudal Age
13:14 Town Watch
18:09 Castle Age
25:43 Padded Archer Armor
25:55 Bloodlines
28:48 Wheelbarrow
39:08 Scale Barding Armor
39:13 Forging
40:30 Forging
41:30 Iron Casting
41:31 Husbandry
42:49 Gold Mining
42:49 Stone Mining
43:30 Light Cavalry
44:38 Fletching
44:49 Horse Collar
46:03 Hand Cart
46:24 Town Patrol
46:30 Manipur Cavalry
46:54 Chain Barding Armor
47:17 Bodkin Arrow
SLTD.NinjaXXCrowXX
8:08 Loom
13:25 Feudal Age
17:31 Castle Age
15:37 Double-Bit Axe
18:17 Wheelbarrow
19:16 Horse Collar
23:38 Fletching
26:27 Bow Saw
29:01 Bodkin Arrow
31:22 Gold Mining
31:25 Stone Mining
31:49 Heavy Plow
34:53 Hand Cart
36:11 Bloodlines
36:02 Husbandry
36:10 Scale Barding Armor
36:16 Forging
37:08 Chain Barding Armor
37:24 Iron Casting
38:39 Scale Mail Armor
42:29 Imperial Age
39:50 Town Watch
40:33 Stirrups
42:50 Ballistics
42:42 Elite Konnik
42:53 Capped Ram
44:21 Plate Barding Armor
44:47 Blast Furnace
43:49 Bracer
43:58 Gold Mining
45:37 Conscription
46:25 Chemistry
45:27 Siege Ram
Freiberg47
4:56 Loom
13:41 Feudal Age
17:22 Castle Age
17:29 Town Watch
28:53 Fletching
32:06 Bodkin Arrow
39:44 Ballistics
40:08 Gold Mining
44:38 Wheelbarrow
43:48 Pikeman
45:06 Scale Mail Armor
45:01 Double-Bit Axe
44:58 Horse Collar
46:18 Heavy Plow
Pikachu Pay
10:34 Loom
13:26 Feudal Age
13:54 Man-at-Arms
15:23 Arson
15:55 Forging
31:53 Wheelbarrow
35:22 Castle Age
35:12 Scale Mail Armor
38:54 Iron Casting
37:41 Long Swordsman
40:52 Fletching
HeriN~'#*
10:10 Loom
13:23 Feudal Age
14:39 Wheelbarrow
13:55 Double-Bit Axe
16:05 Horse Collar
22:43 Castle Age
22:11 Stone Mining
23:37 Scale Mail Armor
23:46 Gold Mining
25:04 Bow Saw
25:18 Chain Mail Armor
25:44 Arson
28:44 Heavy Plow
29:56 Forging
32:40 Iron Casting
39:39 Imperial Age
40:53 Plate Mail Armor
40:48 Conscription
Zathao1993
8:42 Loom
12:31 Feudal Age
16:56 Double-Bit Axe
23:01 Castle Age
22:25 Forging
22:22 Scale Barding Armor
22:16 Domestication
22:38 Gold Mining
24:17 Wheelbarrow
23:47 Husbandry
24:20 Light Cavalry
31:02 Chain Barding Armor
31:18 Iron Casting
Connection lost

Rejoining the realm…

Still unreachable

The connection could not be restored.

Session expired

The server has moved on; the page needs a fresh start.